 Dungeon Crawl Stone Soup version 0.31.0-9-g3a7656b989 (webtiles) character file.

Game seed: 14601061776030509914

42834 Killerpretzel the Zephyrmancer (level 13, -2/55 HPs)
             Began as a Felid Air Elementalist on Feb 3, 2024.
             Was an Initiate of Gozag.
             Killed by their own static electricity (3 damage)
             ... on level 3 of the Lair of Beasts.
             The game lasted 01:49:25 (29715 turns).

Killerpretzel the Zephyrmancer (FeAE)              Turns: 29715, Time: 01:49:25

Health: -2/55      AC:  3    Str:  8    XL:     13   Next: 87%
Magic:  25/28      EV: 29    Int: 24    God:    Gozag
Gold:   621        SH:  0    Dex: 20    Spells: 25/32 levels left
                                        Lives:  0   Deaths: 4

rFire   x . .        (weapon unavailable)
rCold   + + +        (shield unavailable)
rNeg    . . .        (body armour unavailable)
rPois   +            (helmet unavailable)
rElec   .            (cloak unavailable)
rCorr   .            (gloves unavailable)
SInv    +            (boots unavailable)
Will    +....        b - amulet of Vitality {RegenMP++ Regen++}
Stlth   ++++         C - ring of the Curupira {Fly rC+ Str+4 Int+3}
HPRegen 1.89/turn    n - ring "Foampor" {Ice rPois Stlth+}
MPRegen 1.01/turn

%: no passive effects
@: flying
A: very small, claws 1, fangs 3, see invisible, shaggy fur 3, stealthy paws, no
weapons or thrown items, no armour, multi-lived
a: Renounce Religion, Potion Petition, Call Merchant, Bribe Branch


You were on level 3 of the Lair of Beasts.
You worshipped Gozag.
Gozag was pleased with you.
You visited 4 branches of the dungeon, and saw 19 of its levels.

You collected 4605 gold pieces.
You spent 2400 gold pieces at shops.
You paid 1584 gold pieces to Gozag.

Inventory:

Jewellery
 b - the amulet of Vitality (around neck) {RegenMP++ Regen++}
   (You bought it in a shop on level 2 of the Orcish Mines)

   [amulet of magic regeneration]

   RegenMP:   It increases your rate of magic regeneration.
   Regen++:   It increases your rate of health regeneration.
 j - a +6 ring of strength
 n - the ring "Foampor" (right paw) {Ice rPois Stlth+}
   (You found it on level 5 of the Dungeon)

   [ring of ice]

   Ice:       It enhances your ice magic.
   rF-:       It makes you vulnerable to fire.
   rC+:       It protects you from cold.
   rPois:     It protects you from poison Stlth+: It makes you more stealthy.
 C - the ring of the Curupira (left paw) {Fly rC+ Str+4 Int+3}
   (You bought it in a shop on level 2 of the Orcish Mines)

   [ring of flight]

   Str+4:     It affects your strength (+4).
   Int+3:     It affects your intelligence (+3).
   rC+:       It protects you from cold.
   Fly:       It grants you flight.
 F - an amulet of reflection
 G - an amulet of guardian spirit
Wands
 g - a wand of charming (9)
 o - a wand of polymorph (13)
 v - a wand of roots (13)
 E - a wand of digging (5)
Scrolls
 f - 2 scrolls of identify
 i - 2 scrolls of poison
 k - 3 scrolls of immolation
 l - a scroll of blinking
 m - a scroll of teleportation
 r - a scroll of butterflies
 s - a scroll of fog
Potions
 a - 2 potions of magic
 c - 3 potions of berserk rage
 d - a potion of resistance
 e - 2 potions of curing
 h - 3 potions of brilliance
 u - a potion of cancellation {unknown}
 w - 2 potions of attraction
 x - a potion of lignification {unknown}
 z - 2 potions of heal wounds {unknown}


   Skills:
 + Level 14.4 Dodging
 - Level 2.7 Stealth
 + Level 10.4 Spellcasting
 + Level 10.2 Conjurations
 * Level 14.4 Air Magic


You had 25 spell levels left.
You knew the following spells:

 Your Spells              Type           Power      Damage    Failure   Level
a - Shock                 Conj/Air       100%       1d9       1%          1
b - Static Discharge      Conj/Air       100%       3-8/arc   1%          2
c - Airstrike             Air            35%        2d(5-21)  1%          4

Your spell library contained the following spells:

 Spells                   Type           Power      Damage    Failure   Level
 Swiftness                Air            70%        N/A       1%          3


Dungeon Overview and Level Annotations

Branches:
Dungeon (12/15)            Temple (1/1) D:4            Lair (4/5) D:8
 Shoals (0/4) Lair:3       Spider (0/4) Lair:2          Orc (2/2) D:10
    Elf (0/3) Orc:2
  Slime: Lair:4-5

Altars:
Ashenzari
Cheibriados
Dithmenos
Elyvilon
Fedhas
Gozag
Hepliaklqana
Kikubaaqudgha
Makhleb
Nemelex Xobeh
Okawaru
Qazlal
Ru
Sif Muna
Trog
Uskayaw
Vehumet
Wu Jian
Xom
Yredelemnul
Zin
The Shining One

Shops:
Orc:2 ==[[!*   Lair:3 =

Portals:
Abyss: Orc:2

Annotations:
D:1 1 transporter
D:4 exclusion: downstairs
D:5 exclusions: 2 gnolls and upstairs
D:7 Duvessa
D:9 3 runed translucent doors, exclusions: 4 doors and downstairs, Erolcha; Pikel; koorschki's ghost, novice DsSh
D:10 exclusion: 2 downstairs
D:12 exclusion: 2 doors
Lair:2 exclusions: 3 downstairs and 2 more exclusions
Lair:3 exclusion: downstairs
Lair:4 3 runed translucent doors, Juirae's ghost, journeyman TrMo
Orc:1 Gastronok
Orc:2 2 transporters, Querens's ghost, journeyman DECj


Innate Abilities, Weirdness & Mutations

You have sharp claws.
You have razor-sharp teeth.
You have supernaturally acute eyesight. (SInv)
Your thick and shaggy fur keeps you warm. (AC +3, rC+)
Your paws help you pounce on unaware monsters.
You are incapable of wielding weapons or throwing items.
You cannot wear armour.
You gain extra lives every three experience levels.


Message History

Casting: Static Discharge (safe; 1% risk of failure)
Confirm with . or Enter, or press ? or * to list all spells.
The elephant is struck by an arc of lightning. x2
The elephant is lightly wounded.
The lightning grounds out.
The elephant is struck by an arc of lightning.
The elephant is lightly wounded.
You are struck by an arc of lightning.
The black mamba is struck by an arc of lightning!
The black mamba is lightly wounded.
The elephant is struck by an arc of lightning.
The elephant is lightly wounded.
The wolf is struck by an arc of lightning.
The wolf is moderately wounded.
The lightning grounds out.
The black mamba is struck by an arc of lightning.
The black mamba is moderately wounded.
The elephant is struck by an arc of lightning!
The elephant is moderately wounded.
You are struck by an arc of lightning.
The elephant is struck by an arc of lightning.
The elephant is lightly wounded.
The lightning grounds out.
The elephant is struck by an arc of lightning.
The elephant is lightly wounded.
You are struck by an arc of lightning.
* * * LOW HITPOINT WARNING * * *
The lightning grounds out.
The black mamba misses you. The wolf barely misses you.
The black mamba misses you. The wolf completely misses you.
The elephant barely misses you. The elephant closely misses you.
The elephant tramples you!
* * * LOW HITPOINT WARNING * * *
You are shoved backwards!
The elephant completely misses you. x2
Casting: Static Discharge (safe; 1% risk of failure)
Confirm with . or Enter, or press ? or * to list all spells.
The elephant is struck by an arc of lightning.
The elephant is lightly wounded.
You are struck by an arc of lightning.
You die...
Your body crumbles into a pile of gold.

##......................#...P
#....##.................#....
###.....................#....
#............#..PP....##....
##.#..###.#.................
#.#### ##..∩.##P...........
#.### #h.Y...............
##.#.######YS........P......
#.....##.#Y@.#......P#P.....
#....................P......
##...........#..............
##...........#.......#...###
#...............#...+.....#
##.......................##
#P..###.#P..####.#........#
##..# ####.## ####......###
#P..# ###.# #..>.....P#.


You could see 3 elephants, a black mamba and a wolf.

Vanquished Creatures
  Rupert (Orc:2)
  A hydra (Lair:3)
  Erica (D:8)
  A boulder beetle (Lair:2)
  3 death yaks (Lair:3)
  3 orc high priests (Orc:2)
  A two-headed ogre (D:11)
  3 skysharks
  Amaemon (Lair:3)
  5 orc knights (Orc:2)
  A deep elf pyromancer (D:12)
  4 orc sorcerers (Orc:2)
  A cyclops (D:12)
  An ugly thing (D:11)
  4 kobold blastminers
  A merfolk siren (Lair:3)
  2 black mambas
  Maggie (D:9)
  4 gargoyles
  2 rime drakes
  An orange demon (Lair:3)
  6 cane toads
  A kobold demonologist (D:10)
  3 unseen horrors
  7 komodo dragons
  4 polar bears (Lair:3)
  5 trolls
  A hornet (D:10)
  8 blink frogs
  Grinder (D:6)
  3 slime creatures
  A shadow (D:10)
  4 jumping spiders (Lair:2)
  2 wyverns (D:8)
  37 yaks
  2 vampires
  2 steam dragons
  2 basilisks
  2 hell hounds (Lair:1)
  8 water moccasins
  A black bear (D:6)
  2 sky beasts
  21 orc warriors
  3 ice beasts
  8 wolves
  7 ogres
  3 phantoms
  2 kobold brigands (D:9)
  7 bullfrogs
  3 scorpions
  A gnoll sergeant (D:12)
  4 wights (D:8)
  15 killer bees
  Dowan (D:7)
  A troll zombie (D:10)
  A howler monkey (D:10)
  4 electric eels (D:8)
  2 bombardier beetles (D:3)
  11 orc priests
  6 hounds
  3 iguanas
  13 orc wizards
  A hell rat (Lair:4)
  7 ogre zombies (D:10)
  3 gnolls (D:12)
  A river rat (D:4)
  7 adders
  2 shadow imps
  3 white imps
  4 ufetubi
  6 dart slugs
  2 ribbon worms
  66 orcs
  8 endoplasms
  2 giant cockroaches
  7 goblins
  11 hobgoblins
  17 kobolds
  6 quokkas
  7 ball pythons
  7 bats
  6 frilled lizards
  A gnoll skeleton (D:10)
  3 orc skeletons (D:10)
  21 orc zombies (D:10)
  6 rats
464 creatures vanquished.

Vanquished Creatures (others)
  An orc wizard (Orc:2)
1 creature vanquished.

Grand Total: 465 creatures vanquished

Notes
Turn   | Place    | Note
-------+----------+-------------------------------------------
     0 | D:1      | Killerpretzel the Felid Air Elementalist began the quest
                  | for the Orb.
     0 | D:1      | Reached XP level 1. HP: 9/9 MP: 4/4
    20 | D:1      | Reached skill level 1 in Conjurations
   229 | D:1      | Reached XP level 2. HP: 13/13 MP: 3/6
   261 | D:1      | Learned a level 2 spell: Static Discharge
   737 | D:1      | Reached XP level 3. HP: 16/16 MP: 5/7
   848 | D:1      | Noticed a glass eye
   849 | D:1      | Found a faded altar of an unknown god.
   904 | D:1      | Noticed a shining eye
   923 | D:1      | Noticed a great orb of eyes
  1076 | D:1      | Noticed a glass eye
  2372 | D:3      | Reached XP level 4. HP: 17/21 MP: 1/8
  2372 | D:3      | Gained a life (2 lives remaining)
  2927 | D:3      | Reached XP level 5. HP: 24/24 MP: 4/10
  2992 | D:3      | Learned a level 4 spell: Airstrike
  3361 | D:4      | Noticed a phantom
  3601 | D:4      | Noticed a phantom
  3823 | D:4      | Found a staircase to the Ecumenical Temple.
  3832 | Temple   | Found a transporter.
  3832 | Temple   | Found a transporter.
  3832 | Temple   | Found a transporter.
  3832 | Temple   | Found a transporter.
  3832 | Temple   | Entered the Ecumenical Temple
  3858 | Temple   | Became a worshipper of Gozag Ym Sagoz the Greedy
  4295 | D:4      | Noticed an ogre
  4566 | D:5      | Entered Level 5 of the Dungeon
  4566 | D:5      | Noticed an ogre
  4709 | D:5      | Gained mutation: You are covered in thick fur. (AC +2)
                  | [Felid growth]
  4709 | D:5      | Reached XP level 6. HP: 28/28 MP: 8/11
  4815 | D:5      | Found a glowing silver altar of Zin.
  5142 | D:5      | Reached skill level 5 in Dodging
  5142 | D:5      | Reached skill level 5 in Air Magic
  5142 | D:5      | Reached XP level 7. HP: 32/32 MP: 7/13
  5578 | D:5      | Identified the ring "Foampor" {Ice rPois Stlth+}
  5756 | D:5      | Found a sparkling altar of Nemelex Xobeh.
  5757 | D:5      | Found an iron altar of Okawaru.
  5758 | D:5      | Found a glowing golden altar of the Shining One.
  5759 | D:5      | Found a sacrificial altar of Ru.
  5761 | D:5      | Found an ornate altar of the Wu Jian Council.
  6026 | D:6      | Noticed Grinder
  6802 | D:6      | Reached XP level 8. HP: 28/36 MP: 6/15
  6962 | D:6      | Found a snail-covered altar of Cheibriados.
  7372 | D:6      | Killed from afar by an orc priest
  7372 | D:6      | Lost a life (1 life remaining)
  7572 | D:6      | Killed Grinder
  8067 | D:7      | Noticed Duvessa
  8906 | D:7      | Noticed Dowan
  8912 | D:7      | Killed Dowan
  9325 | D:8      | Reached skill level 5 in Spellcasting
  9436 | D:8      | Noticed Erica
  9587 | D:8      | Killed Erica
  9588 | D:8      | Reached skill level 5 in Conjurations
  9588 | D:8      | Reached XP level 9. HP: 12/39 MP: 0/18
  9588 | D:8      | Gained a life (2 lives remaining)
  9835 | D:8      | Identified the +1 leather armour "Sydoff" {rElec MP+9 Dex+2
                  | Stlth+}
  9905 | D:8      | Noticed a troll
 10262 | D:8      | You fall into a shaft and drop 2 floors!
 10262 | D:10     | Entered Level 10 of the Dungeon
 11034 | D:8      | Killed a troll
 11302 | D:8      | Reached XP level 10. HP: 44/44 MP: 2/20
 11478 | D:8      | Found a staircase to the Lair.
 12613 | D:9      | Noticed Pikel
 13076 | D:9      | Found a runed translucent gate.
 13076 | D:9      | Found a runed translucent gate.
 13077 | D:9      | Found a runed translucent gate.
 13082 | D:9      | Noticed koorschki's ghost (novice DsSh)
 13106 | D:9      | Noticed Erolcha
 13125 | D:9      | Noticed Maggie
 13734 | D:9      | Killed Maggie
 15725 | D:10     | Found a staircase to the Orcish Mines.
 15923 | D:10     | Reached skill level 10 in Air Magic
 16143 | D:10     | Reached skill level 10 in Dodging
 16949 | D:11     | Noticed a gargoyle
 16998 | D:11     | Noticed a brown ugly thing
 17229 | D:11     | Noticed a gargoyle
 17238 | D:11     | Noticed a two-headed ogre
 17862 | Lair:1   | Entered Level 1 of the Lair of Beasts
 17870 | Lair:1   | Noticed a cane toad
 17875 | Lair:1   | Killed a cane toad
 17876 | Lair:1   | Reached XP level 11. HP: 47/47 MP: 11/22
 18101 | Orc:1    | Entered Level 1 of the Orcish Mines
 18929 | Orc:1    | Found a bloodstained altar of Trog.
 19065 | Orc:1    | Noticed Gastronok
 19455 | Orc:2    | Entered Level 2 of the Orcish Mines
 19534 | Orc:2    | Noticed Rupert
 19572 | Orc:2    | Noticed an orc knight
 19572 | Orc:2    | Found Poulej's Distillery.
 19580 | Orc:2    | Killed an orc knight
 19911 | Orc:2    | Noticed an orc sorcerer
 19914 | Orc:2    | Killed an orc sorcerer
 20093 | Orc:2    | Found a one-way gate to the infinite horrors of the Abyss.
 20093 | Orc:2    | Noticed Querens's ghost (journeyman DECj)
 20265 | Orc:2    | Found a staircase to the Elven Halls.
 20548 | Orc:2    | Noticed a large abomination
 20571 | Orc:2    | Noticed a glowing orange brain
 20579 | Orc:2    | Found a transporter.
 20602 | Orc:2    | Found a transporter.
 20602 | Orc:2    | Noticed an orc warlord
 20604 | Orc:2    | Noticed a thrashing horror
 20657 | Orc:2    | Paralysed by Rupert for 2 turns
 20827 | Orc:2    | Killed Rupert
 21320 | Orc:2    | Noticed an orc knight
 21328 | Orc:2    | Killed an orc knight
 21570 | Orc:2    | Noticed an orc knight
 21617 | Orc:2    | Killed an orc knight
 21821 | Orc:2    | Noticed an orc sorcerer
 21828 | Orc:2    | Paralysed by an orc sorcerer for 4 turns
 21832 | Orc:2    | Killed an orc sorcerer
 22055 | Orc:2    | Noticed an orc high priest
 22061 | Orc:2    | Noticed an orc knight
 22061 | Orc:2    | Noticed an orc high priest
 22075 | Orc:2    | Killed an orc high priest
 22076 | Orc:2    | Gained mutation: Your thick and shaggy fur keeps you warm.
                  | (AC +3, rC+) [Felid growth]
 22076 | Orc:2    | Reached XP level 12. HP: 51/51 MP: 22/25
 22141 | Orc:2    | Noticed an orc high priest
 22312 | Orc:2    | Killed an orc high priest
 22514 | Orc:2    | Killed an orc high priest
 22910 | Orc:2    | Found Xaligg's Jewellery Shop.
 22910 | Orc:2    | Found Laliseen's General Store.
 22917 | Orc:2    | Found Hiof Xoco's Armour Shoppe.
 22917 | Orc:2    | Found Peulus's Antique Armour Shop.
 22963 | Orc:2    | Bought the amulet of Vitality {RegenMP++ Regen++} for 1800
                  | gold pieces
 22963 | Orc:2    | Found the amulet of Vitality {RegenMP++ Regen++}
 23515 | D:11     | Killed a two-headed ogre
 23660 | D:11     | Killed from afar by a gargoyle
 23660 | D:11     | Lost a life (1 life remaining)
 23978 | D:12     | Noticed a boulder beetle
 24684 | D:11     | HP: 2/51 [boulder beetle (16)]
 25057 | Lair:1   | HP: 2/51 [/static electricity (3)]
 25060 | Lair:1   | Killed from afar by themself
 25060 | Lair:1   | Lost a life (0 lives remaining)
 25280 | Lair:1   | Reached XP level 13. HP: 55/55 MP: 27/27
 25280 | Lair:1   | Gained a life (1 life remaining)
 26211 | Orc:2    | Bought the ring of the Curupira {Fly rC+ Str+4 Int+3} for
                  | 600 gold pieces
 26829 | Lair:2   | Found a hole to the Spider Nest.
 26970 | Lair:2   | Slain by a skyshark
 26970 | Lair:2   | Lost a life (0 lives remaining)
 28050 | Lair:3   | Found a staircase to the Shoals.
 28055 | Lair:3   | Reached skill level 10 in Spellcasting
 28483 | Lair:3   | Noticed Amaemon
 28531 | Lair:4   | Found a runed translucent gate.
 28531 | Lair:4   | Found a runed translucent gate.
 28531 | Lair:4   | Found a runed translucent gate.
 28534 | Lair:4   | Noticed Juirae's ghost (journeyman TrMo)
 28583 | Lair:4   | Reached skill level 10 in Conjurations
 28751 | Lair:3   | Killed Amaemon
 29714 | Lair:3   | HP: 1/55 [elephant (16)]
 29715 | Lair:3   | Killed from afar by themself

Illustrated notes

Levels and vault maps discovered:
D:1:      spicycebolla_arrival_risky_transporter, layout_basic,
          hellmonk_ecumenical_altar_watching_god
D:2:      layout_rooms
D:3:      layout_rooms, minmay_misc_feat_ornament, minmay_close_crescents
D:4:      layout_basic, minmay_temple_entry_purple_smoke,
          mainiacjoe_sewer_entry_somewhere_in_here_1, serial_corexii_hall,
          corexii_hall_statues_t, corexii_hall_statues_x
D:5:      layout_cave_pools, minitemple, mainiacjoe_overflow_alcove_2,
          grunt_decor_fettered, minmay_misc_feat_enclosed
D:6:      layout_loops_cross, kennysheep_slug_shrine, uniq_grinder
D:7:      layout_basic, uniq_duvessa
D:8:      layout_loops_corners, erik_lair_island, uniq_erica
D:9:      layout_irregular_city, gammafunk_ghost_spectres, uniq_pikel,
          uniq_erolcha, uniq_maggie
D:10:     layout_basic, zombieorc2_lemuel, dk_rats_in_the_wall
D:11:     layout_stronghold
D:12:     layout_roguey, st_stairs_4
Temple:   hellmonk_temple_divided_pantheon
Lair:1:   layout_cave_pods, enter_volcano_3
Lair:2:   layout_small_grid, nicolae_spider_entry_tight_spaces,
          serial_bayou_shore_a
Lair:3:   beargit_carnivore_pack, layout_chaotic_city,
          minmay_shoals_entry_lonely_mermaid, uniq_amaemon
Lair:4:   layout_cave_shapes, dpeg_slime_entry_enclosed,
          gammafunk_ghost_hydra_chop, grunt_megastairs_2
Orc:1:    layout_caves, trog_butcher_becter, uniq_gastronok
Orc:2:    grunt_orc_tribal_feast, layout_caves, gammafunk_ghost_abyssal_escape,
          basic_altar, serial_shops, nicolae_shop_tiny_waterfront, uniq_rupert

Skill      XL: |  1  2  3  4  5  6  7  8  9 10 11 12 13 |
---------------+----------------------------------------+-----
Conjurations   | 1 2 3 5 7 8 9 10 | 10.2
Dodging        | 3 4 5 6 7 8 10 11 13 14 | 14.4
Air Magic      | 3 4 5 6 7 8 10 11 13 14 | 14.4
Spellcasting   | 3 4 5 6 7 8 9 10 | 10.4
Stealth        | |  2.7

Action                     |  1- 3 |  4- 6 |  7- 9 | 10-12 | 13-15 || total
---------------------------+-------+-------+-------+-------+-------++-------
  Melee: Unarmed           |    13 |       |     6 |     1 |     2 ||    22
         Bite              |     1 |       |     2 |       |     1 ||     4
   Cast: Shock             |   115 |    91 |    63 |    39 |       ||   308
         Static Discharge  |     2 |    28 |    44 |   111 |    30 ||   215
         Airstrike         |       |     3 |    61 |   421 |   221 ||   706
 Invoke: Call Merchant     |       |       |       |     1 |     1 ||     2
  Evoke: Wand              |       |       |     5 |     4 |       ||     9
    Use: Scroll            |     2 |     5 |     7 |     4 |     8 ||    26
         Potion            |       |       |     1 |     6 |     2 ||     9
 Armour: Skin              |    12 |    42 |    67 |   207 |    89 ||   417
  Dodge: Dodged            |    30 |    16 |    81 |   201 |   151 ||   479
